 Dungeon Crawl Stone Soup version 0.30.0-5-g1a98f26d00 (webtiles) character file.

Game seed: 18326692871694929803

1091 sampeng1 the Insei (level 8, -6/60 HPs)
             Began as a Human Transmuter on May 10, 2023.
             Was an Elder of Jiyva.
             Mangled by a killer bee (7 damage)
             ... on level 5 of the Dungeon.
             The game lasted 00:16:15 (3345 turns).

sampeng1 the Insei (Human Transmuter)               Turns: 3345, Time: 00:16:16

Health: -6/60      AC:  4    Str: 12    XL:     8   Next: 56%
Magic:  14/14      EV: 13    Int: 15    God:    Jiyva [****..]
Gold:   115        SH:  0    Dex: 13    Spells: 12/15 levels left

rFire   + .          .
                       - Unarmed
rCold   + . .        (no shield)
rNeg    + . .        p - +2 robe {rC+ rF+}
rPois   .            (helmet currently unavailable)
rElec   .            (no cloak)
rCorr   +            (no gloves)
SInv    .            (boots currently unavailable)
Will    .....        (no amulet)
Stlth   +            i - ring of flight
HPRegen 1.58/turn    o - ring of positive energy
MPRegen 0.54/turn

%: no passive effects
@: lethally poisoned (-6 -> -12), appendages, wereblooded, flying
A: horns 2, talons 2, sturdy frame 3, engulf
a: End Transformation, Renounce Religion, Oozemancy, Slimify


You were on level 5 of the Dungeon.
You worshipped Jiyva.
Jiyva was greatly pleased with you.
You had temporarily grown beastly horns and talons.
You visited 1 branch of the dungeon, and saw 5 of its levels.

You collected 115 gold pieces.

Inventory:

Missiles
 f - 9 stones
 h - 2 poisoned darts (quivered)
Armour
 n - a +0 ring mail
 p - a +2 robe of resistance (worn)
Jewellery
 i - a ring of flight (left hand)
 o - a ring of positive energy (right hand)
Scrolls
 k - a scroll of identify
Potions
 b - 2 potions of lignification
 c - a potion of heal wounds
 d - a potion of resistance
 e - 2 potions of flight
 g - a potion of ambrosia
 j - a potion of attraction
 m - a potion of magic {unknown}


   Skills:
 + Level 4.0 Fighting
 + Level 3.1 Armour
 + Level 4.3 Dodging
 + Level 4.9 Unarmed Combat
 + Level 4.0 Spellcasting
 + Level 4.3 Transmutations


You had 12 spell levels left.
You knew the following spells:

 Your Spells              Type           Power      Damage    Failure   Level
a - Beastly Appendage     Tmut           32%        N/A       3%          1
b - Wereblood             Tmut           16%        N/A       4%          2

Your spell library contained the following spells:

 Spells                   Type           Power      Damage    Failure   Level
 Spider Form              Tmut/Pois      9%         N/A       22%         3
 Ice Form                 Ice/Tmut       9%         N/A       58%         4


Dungeon Overview and Level Annotations

Branches:
Dungeon (5/15)             Temple (0/1) D:4

Altars:
Dithmenos
Trog
Jiyva


Innate Abilities, Weirdness & Mutations

You have temporarily grown beastly horns and talons.
Your movements are significantly less encumbered by armour. (ER -6)
Your melee attacks may engulf your foes in ooze.


Message History

You are more poisoned.
The killer bee poisons you! The killer bee misses you.
The killer bee stings you. The killer bee barely misses you.
Casting: Wereblood (safe; 4% risk of failure)
Confirm with . or Enter, or press ? or * to list all spells.
You grow a pair of large bovine horns.
Your feet morph into talons.
You feel very sick. The killer bee stings you.
You are more poisoned.
The killer bee poisons you!
The killer bee stings you but does no damage.
The killer bee barely misses you. The killer bee closely misses you.
The killer bee completely misses you. The killer bee barely misses you.
You closely miss the killer bee. Your kick misses the killer bee.
Your headbutt misses the killer bee.
You feel very sick. The killer bee closely misses you.
The killer bee barely misses you. The killer bee closely misses you.
The killer bee stings you.
* * * LOW HITPOINT WARNING * * *
The killer bee barely misses you.
The killer bee stings you but does no damage.
You hit the killer bee. Your kick misses the killer bee.
You headbutt the killer bee.
The killer bee is heavily wounded.
You feel very sick. The killer bee closely misses you.
The killer bee stings you.
* * * LOW HITPOINT WARNING * * *
The killer bee stings you but does no damage.
The killer bee completely misses you. The killer bee stings you.
* * * LOW HITPOINT WARNING * * *
You are lethally poisoned!
The killer bee poisons you! The killer bee misses you.
You miss the killer bee. Your headbutt misses the killer bee.
The killer bee is heavily wounded.
You howl as the wereblood boils in your veins!
* * * LOW HITPOINT WARNING * * *
You feel very sick.
The killer bee stings you but does no damage.
The killer bee stings you!
You die...

## ###........ †###........
##...$.... †......#....#.........
#......#.##..........
.........#....#..... ###........#
...... #.......####.#yyW
#..#.....###.#yy##### #######
##..#.#.#.....##@y...######...>.#
....#.#.........####.....##.....#
..##........##...# #####........#
......##.>#.##...#### ####.....#
....................## #.[...#
..........#.##...#...### #.....#
...##.....#......##....####..####
.#. #.....###....#####......##
##. #.....# ##.#..# ##.######


You could see a phantom and 5 killer bees.

Vanquished Creatures
  Grinder (D:5)
  Sigmund (D:5)
  Edmund (D:5)
  Duvessa (D:5)
  An ice beast (D:5)
  Dowan (D:5)
  2 howler monkeys (D:4)
  An orc priest (D:4)
  3 hounds
  A sleepcap (D:5)
  An orc wizard (D:4)
  3 gnolls (D:3)
  5 adders
  A shadow imp (D:4)
  2 ufetubi
  2 dart slugs
  3 orcs
  3 bats
  An endoplasm (D:1)
  3 giant cockroaches
  4 goblins
  2 hobgoblins (D:2)
  4 jackals
  4 kobolds
  3 quokkas (D:1)
  10 ball pythons
  4 frilled lizards
  A rat (D:1)
69 creatures vanquished.

Vanquished Creatures (others)
  A scorpion (D:4)
  2 jellies (D:2)
  A hound (D:5)
  4 adders
  A worm (D:2)
  An orc (D:4)
  5 endoplasms
  3 giant cockroaches
  4 goblins
  4 jackals
  A quokka (D:2)
  A ball python (D:2)
  3 bats (D:2)
  2 kobolds
  2 rats
35 creatures vanquished.

Grand Total: 104 creatures vanquished

Notes
Turn   | Place    | Note
-------+----------+-------------------------------------------
     0 | D:1      | sampeng1 the Human Transmuter began the quest for the Orb.
     0 | D:1      | Reached XP level 1. HP: 15/15 MP: 3/3
   110 | D:1      | Reached XP level 2. HP: 19/21 MP: 3/5
   247 | D:1      | Found a faded altar of an unknown god.
   255 | D:1      | Prayed at the altar of an unknown god.
   255 | D:1      | Became a worshipper of Jiyva Juohic the Shapeless
   255 | D:1      | Reached * piety under Jiyva
   549 | D:1      | Reached XP level 3. HP: 22/26 MP: 6/6
   643 | D:1      | Reached ** piety under Jiyva
  1085 | D:2      | Found a shadowy altar of Dithmenos.
  1147 | D:2      | Reached *** piety under Jiyva
  1185 | D:2      | Gained mutation: Your movements are slightly less
                  | encumbered by armour. (ER -2) [Jiyva's grace]
  1185 | D:2      | Gained mutation: Your movements are less encumbered by
                  | armour. (ER -4) [Jiyva's grace]
  1185 | D:2      | Gained mutation: Your movements are significantly less
                  | encumbered by armour. (ER -6) [Jiyva's grace]
  1185 | D:2      | Gained mutation: Your melee attacks may engulf your foes in
                  | ooze. [Jiyva's grace]
  1765 | D:3      | Reached XP level 4. HP: 27/33 MP: 7/7
  1784 | D:3      | Learned a level 2 spell: Wereblood
  2298 | D:4      | Reached XP level 5. HP: 28/38 MP: 7/9
  2447 | D:4      | Reached skill level 1 in Armour
  2447 | D:4      | Reached **** piety under Jiyva
  2472 | D:4      | Found a staircase to the Ecumenical Temple.
  2482 | D:4      | Found a bloodstained altar of Trog.
  2487 | D:4      | Reached XP level 6. HP: 31/45 MP: 10/10
  3087 | D:5      | Entered Level 5 of the Dungeon
  3099 | D:5      | Noticed Grinder
  3107 | D:5      | Paralysed by Grinder for 2 turns
  3131 | D:5      | Killed Grinder
  3132 | D:5      | Reached XP level 7. HP: 39/52 MP: 9/12
  3145 | D:5      | Noticed Edmund
  3152 | D:5      | Killed Edmund
  3180 | D:5      | Reached XP level 8. HP: 26/58 MP: 13/13
  3209 | D:5      | Noticed Duvessa
  3209 | D:5      | Noticed Dowan
  3228 | D:5      | Killed Duvessa
  3245 | D:5      | Killed Dowan
  3296 | D:5      | Noticed Sigmund
  3303 | D:5      | Killed Sigmund
  3345 | D:5      | HP: 1/60 [poisoned by a killer bee]
  3345 | D:5      | Mangled by a killer bee

Illustrated notes

Levels and vault maps discovered:
D:1:      saegor_arrival_simple_b, layout_basic,
          shapermc_ecumenical_altar_petra, minmay_box_of_dots
D:2:      layout_loops_ring, basic_altar
D:3:      layout_loops_ring
D:4:      layout_loops_ring, mainiacjoe_overflow_chevrons,
          minmay_temple_entry_hall, st_stairs_2, grunt_ministairs_10,
          minmay_circle_x
D:5:      layout_rooms, uniq_edmund, uniq_duvessa, uniq_grinder, uniq_sigmund

Skill      XL: |  1  2  3  4  5  6  7  8 |
---------------+-------------------------+-----
Fighting       | 2 3 4 |  4.0
Armour         | 1 2 3 |  3.1
Transmutations | 3 4 |  4.3
Dodging        | 3 4 |  4.3
Spellcasting   | 3 4 |  4.0
Unarmed Combat | 4 |  4.9

Action                     |  1- 3 |  4- 6 |  7- 9 || total
---------------------------+-------+-------+-------++-------
  Melee: Unarmed           |   109 |   105 |    59 ||   273
         Kick              |    13 |    12 |    10 ||    35
         Headbutt          |     9 |     8 |    10 ||    27
         Punch             |     1 |     4 |     2 ||     7
   Cast: Beastly Appendage |    11 |     3 |     4 ||    18
         Wereblood         |       |     1 |     2 ||     3
    Use: Scroll            |     6 |     1 |       ||     7
         Potion            |       |     1 |       ||     1
   Stab: Sleeping          |       |     1 |       ||     1
 Armour: Robe              |    25 |       |    11 ||    36
         Leather armour    |     4 |    19 |    10 ||    33
         Ring mail         |       |       |     7 ||     7
  Dodge: Dodged            |    87 |    61 |    77 ||   225
